 Dungeon Sprint DCSS version 0.31-a0-95-g6fa058ef04 (webtiles) character file.

Game seed: 9777409449748280217

2 sircluck the Sneak (level 1, 0/13 HPs)
             Began as a Kobold Brigand on May 25, 2023.
             Killed by nerve-wracking pain
             ... invoked by Jessica
              (13 damage)
             ... in the Dungeon (Sprint III: "The Ten Rune Challenge").
             The game lasted 00:00:17 (54 turns).

sircluck the Sneak (Kobold Brigand)                   Turns: 54, Time: 00:00:17

Health: 0/13       AC:  3    Str:  8    XL:     1   Next: 44%
Magic:  1/1        EV: 14    Int: 12    God:
Gold:   3          SH:  0    Dex: 16    Spells: 0/0 levels left

rFire   . . .        a - +2 dagger
rCold   . . .        (no shield)
rNeg    . . .        b - +0 robe
rPois   .            (no helmet)
rElec   .            c - +0 cloak
rCorr   .            (no gloves)
SInv    .            (no boots)
Will    .....        (no amulet)
Stlth   ++++         (no ring)
HPRegen 0.22/turn    (no ring)
MPRegen 0.07/turn

%: no teleportation
@: no status effects
A: small, no large weapons, nightstalker 3
a: no special abilities


You were in the Dungeon.
You visited 1 branch You collected 3 gold pieces.

Inventory:

Hand Weapons
 a - a +2 dagger (weapon)
Missiles
 d - 8 poisoned darts (quivered)
 e - 3 curare-tipped darts
Armour
 b - a +0 robe (worn)
 c - a +0 cloak (worn)
Scrolls
 k - a scroll of blinking
Potions
 f - a potion of curing
 g - a potion of heal wounds
 h - a potion of haste
 i - 2 potions of magic
 j - a potion of berserk rage


   Skills:
 + Level 2.3 Fighting
 + Level 2.9 Short Blades
 + Level 2.4 Throwing
 + Level 1.2 Dodging
 + Level 6.3 Stealth


You couldn't memorise any spells.
You didn't know any spells.
Your spell library contained the following spells:

 Spells                   Type           Power      Damage    Failure   Level
 Necrotise                Necr           0%         1d4       32%         1
 Vampiric Draining        Necr           0%         2d6       69%         3
 Agony                    Necr           0%         N/A       100%        5


Dungeon Overview and Level Annotations

Branches:
Dungeon (1/1)

Altars:

Annotations:
D Jessica


Innate Abilities, Weirdness & Mutations

You are small and have problems with some larger weapons.
You are completely attuned to the shadows.


Message History

The endoplasm is moderately wounded.
The endoplasm hits you.
You hit the endoplasm.
The endoplasm is almost dead.
The endoplasm barely misses you.
You hit the endoplasm.
You kill the endoplasm!
Your Stealth skill increases to level 6!
An endoplasm comes into view.
Found 3 gold pieces.
You see here a poisoned dart.
You throw a poisoned dart. The poisoned dart hits the endoplasm.
The endoplasm quivers.
You throw a poisoned dart. The poisoned dart hits the endoplasm.
The endoplasm is poisoned.
The endoplasm hits you.
You throw a poisoned dart. The poisoned dart hits the endoplasm.
You hit the endoplasm but do no damage.
The endoplasm is moderately wounded.
The endoplasm closely misses you.
You hit the endoplasm.
The endoplasm is heavily wounded.
The endoplasm freezes you.
You are frozen.
You hit the endoplasm.
You kill the endoplasm!
d - 5 poisoned darts (gained 2)
d - 6 poisoned darts (gained 1)
You now have 3 gold pieces.
d - 7 poisoned darts (gained 1)
d - 9 poisoned darts (gained 2)
Found a book of Necromancy.
You pick up a book of Necromancy and begin reading...
You add the spells Necrotise, Vampiric Draining and Agony to your library.
Jessica the Apprentice Sorceress comes into view.
She is wielding a +0 club.
You throw a poisoned dart. The poisoned dart hits Jessica.
Jessica shouts!
Jessica casts a spell at you. Pain shoots through your body!
Ouch! That really hurt!
You die...

▓▓▓▓▓▓▓▓▓
▓<..#...####
▓...#......#
▓..##..@....
▓##.##.##..@
##.##.###..
▓#.####.# ..
▓.###..##
▓#.....#
###..##
##..## #..##


You could see Jessica.

Vanquished Creatures
  2 endoplasms (D)
2 creatures vanquished.

Notes
Turn   | Place    | Note
-------+----------+-------------------------------------------
     0 | D        | sircluck the Kobold Brigand began the quest for the Orb.
     0 | D        | Reached XP level 1. HP: 12/12 MP: 1/1
    14 | D        | Reached skill level 6 in Stealth
    52 | D        | Noticed Jessica
    54 | D        | Killed from afar by Jessica

Illustrated notes

Levels and vault maps discovered:
D:        dungeon_sprint_mu [sprint_mu_entry_cave, sprint_mu_temple_rooms,
          sprint_mu_d1_spiders, sprint_mu_d2_genie, sprint_mu_d3_branching,
          sprint_mu_orc_legion, sprint_mu_elf_gauntlet, sprint_mu_hive_nellie,
          sprint_mu_lair_fedhas, sprint_mu_vaults_butterflies,
          sprint_mu_slime_circle, sprint_mu_shoals_archi,
          sprint_mu_snake_twists, sprint_mu_blade_basic, sprint_mu_crypt_lich,
          sprint_mu_tomb_spiral, sprint_mu_vestibule_basic,
          sprint_mu_gehenna_hellfire, sprint_mu_dis_giant,
          sprint_mu_tartarus_statrot, sprint_mu_cocytus_islands, sprint_mu_zot1]

Skill      XL: |  1 |
---------------+----+-----
Stealth        | 6 |  6.3
Fighting       | |  2.3
Short Blades   | |  2.9
Throwing       | |  2.4
Dodging        | |  1.2

Action                     || total
---------------------------++-------
  Melee: Dagger            ||     6
  Throw: Dart              ||     7
  Dodge: Dodged            ||     2

Table legend: (Time is in decaauts)
 A = Elapsed time spent in this place.
 B = Non-inter-level travel time spent in this place.
 C = Inter-level travel time spent in this place.
 D = Time resting spent in this place.
 E = Time spent auto-exploring this place.
 F = Levels seen in this place.
 G = Mean time per level.
                   A        B        C        D        E       F      G
               +--------+--------+--------+--------+--------+-----+--------+
         Total |     52 |     52 |      0 |      0 |      4 |   1 |   52.0 |
       Dungeon |     52 |     52 |      0 |      0 |      4 |   1 |   52.0 |
               +--------+--------+--------+--------+--------+-----+--------+

Top non-repeatable levels by time:
       D: 52 daAuts
